 Dungeon Crawl Stone Soup version 0.32-a0-540-g866d13106e (webtiles) character file.

Game seed: 18188013683357490402

7568 javelincjr the Fighter (level 10, -1/81 HPs)
             Began as a Demonspawn Warper on Feb 28, 2024.
             Was an Initiate of Beogh.
             Killed from afar by Erica (26 damage)
             ... with a bolt of poison
             ... on level 9 of the Dungeon.
             The game lasted 00:32:38 (7632 turns).

javelincjr the Fighter (Demonspawn Warper)          Turns: 7632, Time: 00:32:38

Health: -1/81      AC: 18    Str: 26    XL:     10   Next: 97%
Magic:  16/18      EV: 12    Int: 19    God:    Beogh [......]
Gold:   526        SH: 10    Dex: 12    Spells: 9/20 levels left

rFire   . . .        A - +6 spear (vamp)
rCold   . . .        w - +0 buckler
rNeg    . . .        i - +9 scale mail "Aplan" {Will+ Str+9}
rPois   .            (helmet restricted)
rElec   .            E - +0 cloak
rCorr   .            (no gloves)
SInv    .            (no boots)
Will    +....        a - amulet of reflection
Stlth   x              - +6 ring of intelligence
HPRegen 0.33/turn    (no ring)
MPRegen 0.16/turn

%: reflection
@: lethally poisoned (-1 -> -25), on blink cooldown, slowed, very slow
A: antennae 2, demonic guardian 1, spiny 3
a: Renounce Religion


You were on level 9 of the Dungeon.
You worshipped Beogh.
Beogh was noncommittal.
You visited 2 branches of the dungeon, and saw 10 of its levels.
You also visited: Sewer and Bailey.

You collected 595 gold pieces.
You spent 69 gold pieces at shops.

Inventory:

Hand Weapons
 l - a +0 sling
 p - a +4 dagger of venom
 r - a +2 sling of flaming
 A - a +6 vampiric spear (weapon)
 B - a +2 flail of protection
 G - a +0 arbalest of freezing
Missiles
 d - 7 darts of dispersal
 m - 16 poisoned darts (quivered)
 y - 2 throwing nets
 D - 8 boomerangs
 H - a curare-tipped dart
Armour
 i - the +9 scale mail "Aplan" (worn) {Will+ Str+9}
   (You found it on level 2 of the Dungeon)

   Str+9:     It affects your strength (+9).
   Will+:     It increases your willpower.
 w - a +0 buckler (worn)
 E - a +0 cloak (worn)
Jewellery
 a - an amulet of reflection (around neck)
 x - a +6 ring of intelligence (left hand)
Wands
 b - a wand of flame (31)
 u - a wand of paralysis (9)
 z - a wand of polymorph (4)
 C - a wand of light (7)
Scrolls
 c - 2 scrolls of blinking
 h - 2 scrolls of poison
 k - 5 scrolls of teleportation
 o - a scroll of silence
 s - 3 scrolls of amnesia
 J - a scroll of summoning {unknown}
Potions
 e - 2 potions of invisibility
 f - a potion of lignification
 g - 2 potions of enlightenment
 j - a potion of degeneration
 n - a potion of might
 t - 3 potions of curing
 v - a potion of brilliance {unknown}
 F - 3 potions of magic
 I - a potion of mutation {unknown}


   Skills:
 * Level 8.3 Fighting
 + Level 5.6 Polearms
 - Level 0.8 Throwing
 * Level 7.4 Armour
 + Level 5.5 Dodging
 + Level 4.4 Shields
 + Level 5.5 Spellcasting
 + Level 5.8 Translocations


You had 9 spell levels left.
You knew the following spells:

 Your Spells              Type           Power      Damage    Failure   Level
a - Blink                 Tloc           54%        N/A       4%          2
b - Lesser Beckoning      Tloc           54%        N/A       4%          2
c - Teleport Other        Tloc           27%        N/A       8%          3
d - Manifold Assault      Tloc           27%        N/A       26%         4

Your spell library contained the following spells:

 Spells                   Type           Power      Damage    Failure   Level
 Momentum Strike          Conj/Tloc      32%        3d8       13%         2
 Cigotuvi's Dreadful Rot  Necr/Alch/Air  10%        N/A       41%         2
 Inner Flame              Hex/Fire       5%         N/A       65%         3
 Vhi's Electric Charge    Tloc/Air       32%        N/A       65%         4
 Anguish                  Hex/Necr       2%         N/A       96%         4
 Cause Fear               Hex            2%         N/A       96%         4
 Dispel Undead            Necr           5%         3d7       96%         4
 Martyr's Knell           Necr/Summ      5%         N/A       96%         4
 Alistair's Intoxication  Alch           3%         N/A       100%        5
 Borgnjor's Vile Clutch   Necr/Erth      2%         N/A       100%        5
 Irradiate                Conj/Alch      2%         3d12      100%        5
 Death Channel            Necr           2%         N/A       100%        6
 Eringya's Noxious Bog    Alch           2%         4d6       100%        6
 Enfeeble                 Hex            2%         N/A       100%        7
 Ignition                 Fire           2%         3d3       100%        8


Dungeon Overview and Level Annotations

Branches:
Dungeon (9/15)             Temple (1/1) D:5           Sewer (visited)
 Bailey (visited)
   Lair: D:8-11         Orc: D:9-12

Altars:
Ashenzari
Cheibriados
Dithmenos
Fedhas
Gozag
Kikubaaqudgha
Makhleb
Nemelex Xobeh
Okawaru
Qazlal
Ru
Sif Muna
Trog
Uskayaw
Vehumet
Wu Jian
Xom
Yredelemnul
Lugonu

Shops:
D:3 *   D:5 (   D:8 *

Annotations:
D:9 Erica


Innate Abilities, Weirdness & Mutations

You have a pair of antennae on your head.
A weak demonic guardian rushes to your aid.
You are completely covered in sharp spines.


Message History

A bolt of poison appears from out of thin air!
The bolt of poison hits you!!
You are poisoned.
A demonic guardian appears!
You barely miss something.
You feel extremely sick. Something hits you! Something burns you.
Something barely misses you.
You puncture something!
You feel better.
You feel very sick. Something hits you! Something burns you.
* * * LOW HITPOINT WARNING * * *
You barely miss something.
You feel very sick. Something hits you!
* * * LOW HITPOINT WARNING * * *
Something burns you.
* * * LOW HITPOINT WARNING * * *
You feel much better.
You feel very sick. Something barely misses you.
Something hits you but does no damage.
Aiming: Paralyse
Press: ? - help, Q - select action, (/) - cycle Shift-Dir - straight line
Okay, then.
Casting: Lesser Beckoning (safe; 4% risk of failure)
Confirm with . or Enter, or press ? or * to list all spells.
You blink.
You feel very sick.
You feel sick.
You hear some strange, mumbled words.
A bolt of poison appears from out of thin air!
The bolt of poison hits you!
You are more poisoned.
* * * LOW HITPOINT WARNING * * *
A demonic guardian appears!
You feel better.
You hear some strange, mumbled words.
A bolt of poison appears from out of thin air!
The bolt of poison hits your quasit! The bolt of poison hits you!!
You are poisoned.
You die...

#.........)........#.....#
#..................#.....#
#..................#.....#
#..................#.....#
#############......#.....#
......†............#.....#
......†.....###'####.....#
......†.....#......#.....#
............#...@..#.....#
............#..55..#.....#
............#......#.....#
...##########{.....#.....#
...#........'......#.....#
...#......†.########.....#
...#.......††............#
...#.....................#
...#.....................#


You could see a friendly quasit (summoned) and a friendly ufetubus (summoned).

Vanquished Creatures
  A two-headed ogre (D:8)
  Pikel (D:7)
  An orc knight (Bailey)
  Maggie (D:8)
  A hornet (D:8)
  Grinder (D:3)
  Prince Ribbit (D:8)
  6 yaks (D:9)
  A steam dragon (D:7)
  A water moccasin (D:7)
  Duvessa (D:6)
  5 ice beasts
  10 orc warriors
  3 black bears
  2 centaurs
  3 lemures (D:7)
  A phantom (D:5)
  2 kobold brigands
  A bullfrog (D:7)
  9 wights
  Dowan (D:6)
  3 killer bees (D:9)
  5 hounds
  2 jellies
  Crazy Yiuf (D:6)
  2 iguanas
  Jessica (D:3)
  2 gnoll boudas
  2 orc wizards
  Terence (D:3)
  Robin (D:2)
  10 gnolls
  3 adders
  3 river rats (Sewer)
  2 ufetubi (D:7)
  2 ribbon worms (D:2)
  A dart slug (D:1)
  31 orcs
  9 ball pythons
  3 endoplasms
  6 giant cockroaches
  23 goblins
  8 hobgoblins
  2 jackals (Sewer)
  15 kobolds
  3 quokkas
  3 bats (D:1)
  2 frilled lizards
  8 rats
  A butterfly (D:5)
208 creatures vanquished.

Vanquished Creatures (collateral kills)
  Maurice (D:7)
  A wight (D:8)
  A bombardier beetle (D:6)
  An orc wizard (D:7)
4 creatures vanquished.

Grand Total: 212 creatures vanquished

Notes
Turn   | Place    | Note
-------+----------+-------------------------------------------
     0 | D:1      | javelincjr the Demonspawn Warper began the quest for the
                  | Orb.
     0 | D:1      | Reached XP level 1. HP: 16/16 MP: 3/3
    93 | D:1      | Reached skill level 1 in Armour
   143 | D:1      | Gained mutation: You are partially covered in sharp spines.
                  | [demonic ancestry]
   143 | D:1      | Reached XP level 2. HP: 22/22 MP: 5/5
   381 | D:1      | Learned a level 2 spell: Blink
   384 | D:1      | Learned a level 2 spell: Lesser Beckoning
   744 | D:2      | Identified the +9 scale mail "Aplan" {Will+ Str+9}
   944 | D:2      | Reached XP level 3. HP: 28/28 MP: 6/6
   982 | D:2      | Noticed Robin
  1014 | D:2      | Killed Robin
  1154 | D:2      | Reached XP level 4. HP: 34/34 MP: 7/7
  1431 | D:2      | Reached skill level 3 in Fighting
  1572 | D:2      | Found a faded altar of an unknown god.
  1670 | D:3      | Noticed Jessica
  1670 | D:3      | Noticed Grinder
  1686 | D:3      | Killed Jessica
  1706 | D:3      | Killed Grinder
  1707 | D:3      | Gained mutation: You are mostly covered in sharp spines.
                  | [demonic ancestry]
  1707 | D:3      | Reached XP level 5. HP: 17/42 MP: 1/9
  1707 | D:3      | Reached XP level 6. HP: 20/48 MP: 1/10
  1874 | D:3      | Found Atagaeph's Assorted Antiques.
  1905 | D:3      | Found a glowing drain.
  1909 | Sewer    | Entered a sewer
  1983 | Sewer    | Reached skill level 4 in Fighting
  2094 | D:3      | Bought a scroll labelled NYNKUO IHING for 23 gold pieces
  2094 | D:3      | Bought a scroll labelled NYNKUO IHING for 23 gold pieces
  2094 | D:3      | Bought a scroll labelled NUCA KAYXIHACK for 23 gold pieces
  2179 | D:3      | Found a sacrificial altar of Ru.
  2248 | D:3      | Noticed Terence
  2260 | D:3      | Killed Terence
  2460 | D:3      | Found a broken altar of Ashenzari.
  2469 | D:3      | Found a blossoming altar of Fedhas.
  2610 | D:4      | Gained mutation: You have a pair of small antennae on your
                  | head. [demonic ancestry]
  2610 | D:4      | Reached XP level 7. HP: 54/54 MP: 11/11
  3020 | D:4      | Found a sparkling altar of Nemelex Xobeh.
  3278 | D:5      | Entered Level 5 of the Dungeon
  3355 | D:5      | Found a staircase to the Ecumenical Temple.
  3393 | D:5      | Reached skill level 1 in Shields
  3616 | D:5      | Found a stormy altar of Qazlal.
  3616 | D:5      | Found an ornate altar of the Wu Jian Council.
  3779 | D:5      | Found Usuet's Antique Weapon Boutique.
  3819 | D:5      | Reached skill level 5 in Fighting
  3819 | D:5      | Gained mutation: A weak demonic guardian rushes to your
                  | aid. [demonic ancestry]
  3819 | D:5      | Reached XP level 8. HP: 62/62 MP: 13/13
  3979 | D:5      | Found a snail-covered altar of Cheibriados.
  4210 | Temple   | Entered the Ecumenical Temple
  4261 | D:6      | Learned a level 3 spell: Teleport Other
  4266 | D:6      | Learned a level 4 spell: Manifold Assault
  4412 | D:6      | Found a runed translucent door.
  4413 | D:6      | Noticed Crazy Yiuf
  4420 | D:6      | Killed Crazy Yiuf
  4644 | D:6      | Noticed Duvessa
  4652 | D:6      | Noticed Dowan
  4657 | D:6      | Killed Duvessa
  4664 | D:6      | Killed Dowan
  4748 | D:6      | Reached skill level 5 in Armour
  5101 | D:7      | Reached skill level 6 in Fighting
  5101 | D:7      | Found a hide-covered altar of Uskayaw.
  5111 | D:7      | Gained mutation: You are completely covered in sharp
                  | spines. [demonic ancestry]
  5111 | D:7      | Reached XP level 9. HP: 64/69 MP: 15/15
  5384 | D:7      | Found a shimmering blue altar of Sif Muna.
  5513 | D:7      | Noticed Maurice
  5529 | D:7      | Maurice stole a +2 flail of protection
  5530 | D:7      | Maurice stole 208 gold
  5535 | D:7      | Killed Maurice
  5643 | D:7      | Found a shadowy altar of Dithmenos.
  5653 | D:7      | Noticed Pikel
  5688 | D:7      | Killed Pikel
  5936 | D:8      | Reached skill level 7 in Fighting
  5936 | D:8      | Reached skill level 5 in Translocations
  6090 | D:8      | Found an iron altar of Okawaru.
  6278 | D:8      | Noticed a two-headed ogre
  6288 | D:8      | Killed a two-headed ogre
  6289 | D:8      | Gained mutation: You have a pair of antennae on your head.
                  | [demonic ancestry]
  6289 | D:8      | Reached XP level 10. HP: 50/79 MP: 17/17
  6298 | D:8      | Found a flagged portal.
  6307 | Bailey   | Entered a bailey
  6397 | Bailey   | Reached skill level 5 in Polearms
  6648 | Bailey   | Reached skill level 5 in Dodging
  6664 | Bailey   | Reached skill level 5 in Spellcasting
  6731 | Bailey   | Noticed an orc knight
  6764 | Bailey   | Killed an orc knight
  6874 | D:8      | Found Piqeu's Mail-Order Catalogue.
  7010 | D:8      | Noticed Maggie
  7017 | D:8      | Became a worshipper of Beogh the Shepherd
  7031 | D:8      | Killed Maggie
  7051 | D:8      | Reached skill level 8 in Fighting
  7070 | D:8      | Noticed Prince Ribbit
  7081 | D:8      | Killed Prince Ribbit
  7602 | D:9      | Noticed Erica
  7632 | D:9      | Killed from afar by Erica

Illustrated notes

Levels and vault maps discovered:
D:1:      amcnicky_arrival_feature_with_door, layout_loops_ring
D:2:      cheibrodos_greedy_goblins, layout_basic, basic_ecumenical_altar,
          uniq_robin
D:3:      layout_rooms, mainiacjoe_overflow_swirl,
          nicolae_ru_sacrificial_ziggurat, gup_sewer_entry_bowl, serial_shops,
          shop, uniq_terence, uniq_jessica, uniq_grinder
D:4:      layout_basic, mainiacjoe_overflow_alcove_2, nicolae_zig_zag_zippers
D:5:      layout_cave_pools, mainiacjoe_overflow_24_doors,
          gammafunk_temple_overflow_elements, minmay_temple_entry_butterflies,
          serial_shops, shop
D:6:      layout_basic, uniq_crazy_yiuf_cottage, uniq_duvessa
D:7:      layout_basic, general_overflow_altar, zin_scriptorium,
          mainiacjoe_overflow_cross_hatched, grunt_dithmenos_smoke,
          nicolae_eternal_life, uniq_pikel, uniq_maurice
D:8:      layout_cave_pools, mainiacjoe_overflow_small_starburst,
          enter_bailey_2, monkooky_shop_mail_order, uniq_maggie,
          uniq_prince_ribbit1
D:9:      layout_grid_maze, nicolae_hepliaklqana_hippocampus, uniq_joseph,
          uniq_erica
Temple:   corrupted_temple

Skill      XL: |  1  2  3  4  5  6  7  8  9 10 |
---------------+-------------------------------+-----
Armour         | 1 2 3 4 5 6 7 |  7.4
Polearms       | 2 3 4 5 |  5.6
Dodging        | 2 3 4 5 |  5.5
Fighting       | 3 4 5 6 7 8 |  8.3
Translocations | 3 4 5 |  5.8
Spellcasting   | 3 4 5 |  5.5
Shields        | 1 2 3 4 |  4.4
Throwing       | |  0.8

Action                     |  1- 3 |  4- 6 |  7- 9 | 10-12 || total
---------------------------+-------+-------+-------+-------++-------
  Melee: Spear             |   117 |    22 |   245 |   212 ||   596
         Dagger            |       |    65 |    68 |       ||   133
  Throw: Dart              |       |     1 |    11 |     9 ||    21
   Cast: Lesser Beckoning  |       |     4 |     2 |     3 ||     9
         Blink             |       |     1 |       |     1 ||     2
         Manifold Assault  |       |       |       |     1 ||     1
 Invoke: Convert to Beogh  |       |       |       |     1 ||     1
    Use: Scroll            |       |     1 |     5 |    10 ||    16
         Potion            |       |       |       |     5 ||     5
   Stab: Sleeping          |     1 |       |       |       ||     1
 Armour: Leather armour    |    13 |       |       |       ||    13
         Scale mail        |    33 |    45 |   163 |   110 ||   351
  Dodge: Dodged            |    44 |    40 |   114 |    73 ||   271
  Block: Buckler           |       |     1 |    96 |   111 ||   208
         Reflection        |       |       |     3 |    21 ||    24

Table legend: (Time is in decaauts)
 A = Elapsed time spent in this place.
 B = Non-inter-level travel time spent in this place.
 C = Inter-level travel time spent in this place.
 D = Time resting spent in this place.
 E = Time spent auto-exploring this place.
 F = Levels seen in this place.
 G = Mean time per level.
                   A        B        C        D        E       F      G
               +--------+--------+--------+--------+--------+-----+--------+
         Total |   7615 |   7348 |    267 |    169 |   5417 |  12 |  634.6 |
       Dungeon |   6903 |   6637 |    266 |    101 |   5086 |   9 |  767.0 |
        Temple |      1 |      0 |      1 |      0 |      0 |   1 |    1.0 |
         Sewer |    168 |    168 |      0 |      0 |    113 |   1 |  168.0 |
        Bailey |    542 |    542 |      0 |     68 |    218 |   1 |  542.0 |
               +--------+--------+--------+--------+--------+-----+--------+

Top non-repeatable levels by time:
     D:7: 898 daAuts
     D:2: 894 daAuts
     D:4: 868 daAuts
     D:6: 810 daAuts
     D:5: 807 daAuts
     D:3: 771 daAuts
     D:8: 717 daAuts
     D:1: 710 daAuts
  Bailey: 542 daAuts
     D:9: 424 daAuts
   Sewer: 168 daAuts
  Temple: 1 daAuts
